AoeStats
← _Panelló

Arabia

510722159Analyzed
3v3 RM · 20h ago on Oct 2, 2026· 17m 49s· 6 players
Game mode
Random Map
Map size
Normal (6 player)
Population
200
Speed
Normal
Resources
Standard
Victory
Conquest
Starting age
Dark Age
Ending age
Imperial Age
RankedLock teamsTeams togetherTeam positionsShared explorationLock speedFull tech treeHidden civsTurbo modeCheats
Victory
Defeat
🇪🇸 Poles · Spain
1070
+13
🇪🇸 Saracens · Spain
998
+16
🇪🇸 Franks · Spain
875
+20
🇫🇷 Vietnamese · France
1028
-18
🇷🇺 Saracens · Russia
979
-16
🇪🇸 Franks · Spain
955
-15
DANSLESBOULES
6:08 Loom
9:18 Feudal Age
10:42 Gold Mining
10:41 Double-Bit Axe
12:38 Fletching
claran33
5:50 Loom
10:27 Feudal Age
17:50 Castle Age
18:10 Wheelbarrow
17:22 Double-Bit Axe
Pipi kiwi
12:07 Feudal Age
12:36 Double-Bit Axe
_Panelló
11:23 Feudal Age
12:48 Loom
17:00 Castle Age
15:29 Double-Bit Axe
15:29 Horse Collar
18:14 Bloodlines
18:04 Husbandry
fredyyy
7:22 Loom
11:22 Feudal Age
18:08 Castle Age
Padre Ataulfo Remy
8:30 Loom
10:33 Feudal Age
11:20 Horse Collar
11:37 Double-Bit Axe
15:05 Wheelbarrow
17:45 Bloodlines
Connection lost

Rejoining the realm…

Still unreachable

The connection could not be restored.

Session expired

The server has moved on; the page needs a fresh start.